[Event "Live Chess"]
[Site "Chess.com"]
[Date "2024.06.01"]
[Round "-"]
[White "Yarigo"]
[Black "Queensandpawns"]
[Result "1-0"]
[WhiteElo "2413"]
[BlackElo "2467"]
[TimeControl "300"]
[EndTime "10:35:31 PDT"]
[Termination "Yarigo won by resignation"]

1. d4 Nc6 2. d5 Ne5 3. e4 e6 4. f4 Ng6 5. dxe6 fxe6 6. Nf3 Nf6 7. Bd3 Bc5 8. Qe2 O-O 9. Be3 Bxe3 10. Qxe3 Ng4 11.
Qd2 Nxf4 12. Nc3 Ne3 13. Rg1 Nfxg2+ 14. Rxg2 Rxf3 15. Rf2 Qh4 16. Qe2 Rxf2 17. Qxf2 Qxf2+ 18. Kxf2 Ng4+ 19. Kg3 Ne5 20. Nb5 c5 21. Rd1 d5 22.
Be2 d4 23. c3 d3 24. Bxd3 Bd7 25. Be2 Bc6 26. Nc7 Rc8 27. Nxe6 Bxe4 28. Kf4 Re8 29.
Kxe5 Bc6 30. Rf1 Bd7 31. Bc4 b5 32. Bd5 a5 33. Kd6 Bxe6 34. Bxe6+ Kh8 35. Bd7 Rd8 36. Kc7 Rb8 37. Kxb8 1-0

[Event "Live Chess"]
[Site "Chess.com"]
[Date "2024.06.01"]
[Round "-"]
[White "degringolade64"]
[Black "ChessRobinThePro"]
[Result "0-1"]
[WhiteElo "2047"]
[BlackElo "1782"]
[TimeControl "300"]
[EndTime "10:35:48 PDT"]
[Termination "ChessRobinThePro won by resignation"]

1. e4 e5 2. Nf3 d5 3. Nxe5 dxe4 4. Bc4 Qf6 5. d4 Be6 6. Bxe6 Qxe6 7. O-O Nf6 8. Nc3 Be7 9. Re1 O-O 10. Bg5 Nbd7 11.
Nxd7 Qxd7 12. Bxf6 Bxf6 13. Nxe4 Qxd4 14. Qf3 Rfe8 15.
c3 Qe5 16. Nxf6+ Qxf6 17. Qxb7 Qb6 18. Qxb6 axb6 19. a3 Kf8 20. g4 Rad8 21. Rad1 Rxe1+ 22. Rxe1 Rd2 23. Rb1 Ke7 24. Kg2 Kd6 25. a4 f6 26.
Kg3 Kd5 27. f3 Kc4 28. b4 Kxc3 29. Rc1+ Kxb4 30. Rxc7 Kxa4 31. Rxg7 b5 32. Rxh7 b4 33.
Rb7 b3 34. h4 b2 35. g5 fxg5 36.
hxg5 Ka3 37. Kg4 Rd4+ 38. Kf5 Rb4 39. Ra7+ Kb3 40. g6 b1=Q+ 41. Kf6 Rb6+ 0-1

[Event "Live Chess"]
[Site "Chess.com"]
[Date "2024.06.01"]
[Round "-"]
[White "ProfPoisson"]
[Black "Rusty_Bridges"]
[Result "0-1"]
[WhiteElo "1241"]
[BlackElo "1499"]
[TimeControl "300"]
[EndTime "10:35:49 PDT"]
[Termination "Rusty_Bridges won by checkmate"]

1. e4 d6 2. Nc3 Nf6 3. f4 Nbd7 4.
Bc4 h6 5. Nf3 e5 6. fxe5 dxe5 7.
O-O Bc5+ 8. d4 exd4 9. Nxd4 Ne5 10. Bb3 Bxd4+ 11. Kh1 Bxc3 12. bxc3 Qxd1 13. Rxd1 O-O 14. Ba3 Re8 15. Rd2 Be6 16. Bxe6 Rxe6 17. Rad1 Nc4 18.
Rd8+ Rxd8 19. Rxd8+ Re8 20. Rxe8+ Nxe8 21. Bb4 Nf6 22. g3 Nxe4 23. Kg2 f5 24. Kf3 Kf7 25. g4 g6 26. gxf5 gxf5 27. h4 Ke6 28. Kf4 b6 29. Bf8 Nxc3 30. Bxh6 Nxa2 31. Bg7 Nd6 32. h5 Nf7 33. h6 Nb4 34. h7 Nd5+ 35. Kf3 a5 36. h8=Q Nxh8 37. Bxh8 c5 38. Ke2 b5 39. Kd2 b4 40.
Kc1 a4 41. Kb1 a3 42. Ka2 f4 43. c3 Nxc3+ 44. Kb3 a2 45. Kb2 f3 46. Kb3 a1=Q 47. Bd4 Qa2# 0-1

[Event "Live Chess"]
[Site "Chess.com"]
[Date "2024.06.01"]
[Round "-"]
[White "TC2304"]
[Black "CarmelJane"]
[Result "1-0"]
[WhiteElo "2333"]
[BlackElo "2103"]
[TimeControl "300"]
[EndTime "10:35:53 PDT"]
[Termination "TC2304 won by resignation"]

1. a4 e5 2. a5 a6 3. e3 d5 4.
d4 exd4 5. exd4 Nf6 6. Nf3 Bg4 7.
Nbd2 Bd6 8. h3 Bh5 9. Bd3 O-O 10. O-O c5 11. c3 cxd4 12. cxd4 Nc6 13. Nb3 Nb4 14. Be2 Bg6 15. Bg5 Bc2 16. Qd2 Bxb3 17.
Ne5 Nc6 18. Ra3 Bc4 19. Nxc4 dxc4 20. Rf3 Qxa5 21. Qc1 Ne4 22. Be3 c3 23. Bd3 cxb2 24. Qxb2 Qc3 25. Qxb7 Qxd3 26. Qxc6 Rac8 27. Qb7 Qb5 28.
Qxe4 a5 29. Qg4 Qd3 30. Rf5 a4 31. Bh6 g6 32. Rd5 Be7 33. Bxf8 Bxf8 34. Qxc8 1-0

[Event "Live Chess"]
[Site "Chess.com"]
[Date "2024.06.01"]
[Round "-"]
[White "Sacbutt"]
[Black "chessfiction"]
[Result "1-0"]
[WhiteElo "2376"]
[BlackElo "2421"]
[TimeControl "300"]
[EndTime "10:35:53 PDT"]
[Termination "Sacbutt won by resignation"]

1. e4 d6 2. d4 Nf6 3. Nc3 c6 4. Be2 Qc7 5. Be3 e5 6. g4 Be7 7.
g5 Nfd7 8. h4 Nb6 9. h5 Na6 10.
Qd2 Be6 11. f4 exf4 12. Bxf4 Nc4 13. Qc1 b5 14. d5 Bd7 15. dxc6 Bxc6 16. Nf3 O-O 17. g6 fxg6 18. hxg6 hxg6 19. Bxc4+ bxc4 20. Qd2 Rab8 21. Nd5 Bxd5 22. Qxd5+ Rf7 23. O-O-O Qb7 24. Rh8+ Kxh8 25. Qxf7 Qxb2+ 26. Kd2 Bh4 27. Rh1 g5 28. Bxg5 1-0

[Event "Live Chess"]
[Site "Chess.com"]
[Date "2024.06.01"]
[Round "-"]
[White "Hazban"]
[Black "DoctorMantisTobogganMD"]
[Result "1-0"]
[WhiteElo "2051"]
[BlackElo "2188"]
[TimeControl "300"]
[EndTime "10:35:57 PDT"]
[Termination "Hazban won by resignation"]

1. d4 Nf6 2. Nc3 c6 3. e4 d5 4.
exd5 cxd5 5. Bf4 a6 6. Nf3 Nc6 7. h3 Bf5 8. Bd3 Bg6 9. O-O e6 10. Re1 Be7 11. a3 Rc8 12. Ne2 b5 13. Ng3 Na5 14. Qe2 Nc4 15. b3 Nd6 16. Ne5 Bxd3 17. cxd3 h6 18. Nxf7 Kxf7 19. Qxe6+ Kf8 20. Re2 Qd7 21.
Rae1 Qxe6 22. Rxe6 Re8 23. Nh5 Nxh5 24. Bxd6 Nf6 25.
Rxe7 Rxe7 26. Bxe7+ Kf7 27. Bxf6 Kxf6 28. Re5 Rc8 29.
Rxd5 Rc3 30. Rd6+ Kf7 31. Rxa6 Rxd3 32. b4 Rxd4 33. Rb6 Rd3 34. Rxb5 Rxa3 35. Rb7+ Kf6 36. Kh2 Rb3 37. b5 g5 38. Rb8 h5 39. b6 h4 40. b7 Kf7 41. Rh8 1-0

[Event "Live Chess"]
[Site "Chess.com"]
[Date "2024.06.01"]
[Round "-"]
[White "updatedopenings2024"]
[Black "Ninifu"]
[Result "1-0"]
[WhiteElo "1834"]
[BlackElo "2026"]
[TimeControl "300"]
[EndTime "10:35:58 PDT"]
[Termination "updatedopenings2024 won by resignation"]

1. e4 d5 2. exd5 Nf6 3. Nf3 Bg4 4. d4 Qxd5 5. Be2 Nc6 6. c4 Qf5 7. Nc3 O-O-O 8. Be3 e5 9. d5 Nb4 10. Rc1 e4 11.
Nd4 Bxe2 12. Qxe2 Qe5 13. O-O Bd6 14. g3 h5 15. Ndb5 h4 16. Bf4 Qf5 17. Bxd6 cxd6 18.
Nxa7+ Kb8 19. Nab5 Qh3 20. Nxe4 Ng4 21. f3 hxg3 22. fxg4 gxh2+ 23. Kh1 Rhe8 24. Nbc3 g6 25. Qg2 Qd3 26. Qg3 Qxc4 27. Nxd6 Qc7 28. Ncb5 1-0

[Event "Live Chess"]
[Site "Chess.com"]
[Date "2024.06.01"]
[Round "-"]
[White "LaupMiths"]
[Black "bill77678"]
[Result "0-1"]
[WhiteElo "1835"]
[BlackElo "1828"]
[TimeControl "300"]
[EndTime "10:36:11 PDT"]
[Termination "bill77678 won by checkmate"]

1. Nf3 d5 2. g3 c5 3. Bg2 Nc6 4. d3 Nf6 5. O-O g6 6. Nbd2 Bg7 7. e4 dxe4 8. dxe4 O-O 9. c3 Bg4 10. Qc2 Rc8 11. h3 Be6 12. Kh2 Qb6 13. b3 Rfd8 14. Bb2 Nd7 15. Rad1 Nde5 16. Nxe5 Nxe5 17. f4 Nd3 18.
Ba1 f5 19. c4 Bxa1 20. Rxa1 Nb4 21. Qb2 Rd3 22. Rae1 Rcd8 23. Re2 R8d4 24. Nf3 Rxe4 25. Rxe4 fxe4 26. Ng5 Bf5 27. Qe5 Rd2 28. g4 Nd3 29. Qb8+ Kg7 30. gxf5 gxf5 31. Qe8 Qf6 32. Kh1 h6 33.
Nxe4 fxe4 34. Bxe4 Nf2+ 35. Rxf2 Rxf2 36. Qh5 Rxf4 37.
Bd5 Rf1+ 38. Kg2 Qf2# 0-1

[Event "Live Chess"]
[Site "Chess.com"]
[Date "2024.06.01"]
[Round "-"]
[White "Larchikov"]
[Black "KyryloPoluliakh"]
[Result "1-0"]
[WhiteElo "1986"]
[BlackElo "1506"]
[TimeControl "300"]
[EndTime "10:36:15 PDT"]
[Termination "Larchikov won by checkmate"]

1. d4 Nf6 2. c4 g6 3. Nf3 Bg7 4. Nc3 O-O 5. e4 d6 6. Be2 Nc6 7. O-O e5 8. d5 Ne7 9. Ne1 Ne8 10. Nd3 f5 11. exf5 Nxf5 12. f3 Nd4 13. Ne4 Bf5 14. Ndf2 Nf6 15. Bg5 Qc8 16. Bxf6 Bxf6 17. Bd3 Bh4 18. Qd2 Bxf2+ 19. Nxf2 Bh3 20. Nxh3 Rxf3 21. Ng5 Rxf1+ 22. Rxf1 Qg4 23. Nf7 Kg7 24. Qh6+ Kg8 25. Ng5 Qh5 26. Qxh5 gxh5 27. Bxh7+ Kg7 28. Be4 Rg8 29.
Ne6+ Nxe6 30. dxe6 Re8 31. Rf7+ Kh8 32. Bf5 c6 33. Rxb7 d5 34. e7 d4 35. Bg6 d3 36.
Bxe8 d2 37. Rd7 e4 38. Bxh5 e3 39. e8=Q# 1-0

[Event "Live Chess"]
[Site "Chess.com"]
[Date "2024.06.01"]
[Round "-"]
[White "Richardallis"]
[Black "halfberg"]
[Result "1-0"]
[WhiteElo "1952"]
[BlackElo "1906"]
[TimeControl "300"]
[EndTime "10:36:20 PDT"]
[Termination "Richardallis won by resignation"]

1. d4 Nf6 2. Nf3 e6 3. Bg5 b6 4. Nbd2 Bb7 5. e4 Be7 6. Bd3 O-O 7. c3 h6 8. Bxf6 Bxf6 9. e5 Be7 10. Be4 Nc6 11.
O-O d6 12. Re1 Qc8 13. Bb1 Rd8 14. Qc2 g6 15. h4 dxe5 16. dxe5 Qd7 17. Ne4 Qd5 18.
h5 g5 19. Nf6+ Bxf6 20. Qh7+ Kf8 21. exf6 Ke8 22. Be4 Qd6 23. Rad1 Qf8 24. Ne5 Nxe5 25. Bxb7 Rxd1 26. Rxd1 Rd8 27. Rd4 c5 28. Rxd8+ Kxd8 29. Qg7 Nd7 30. Bc6 Qxg7 31. fxg7 Nf6 32. Be4 Ke7 33. g4 Ng8 34. Bh7 Nf6 35. g8=Q Nxg8 36. Bxg8 f5 37. gxf5 exf5 38. f4 Kf6 39. Kf2 gxf4 40.
Kf3 Kg5 41. Bf7 Kf6 42. Be8 Kg5 43. a4 a6 44. b3 b5 45. axb5 axb5 46. Bxb5 Kxh5 47.
Kxf4 Kg6 48. Bd3 h5 49. Bxf5+ Kf6 50. Bh3 1-0

[Event "Live Chess"]
[Site "Chess.com"]
[Date "2024.06.01"]
[Round "-"]
[White "road2gm5000"]
[Black "powerchs"]
[Result "1-0"]
[WhiteElo "1073"]
[BlackElo "1242"]
[TimeControl "300"]
[EndTime "10:36:24 PDT"]
[Termination "road2gm5000 won by resignation"]

1. e4 c5 2. Nf3 d6 3. Bb5+ Nc6 4. Bxc6+ bxc6 5. d3 e6 6. O-O Be7 7. Bd2 Nf6 8. Na3 O-O 9. Nc4 d5 10. exd5 cxd5 11.
Ne3 Bd6 12. Re1 Qc7 13. g3 e5 14. Ng2 Bg4 15. Bg5 e4 16. dxe4 dxe4 17. Bxf6 exf3 18.
Ne3 Bh3 19. Bc3 Rad8 20. Qxf3 Be5 21. Bxe5 Qxe5 22. b3 Rfe8 23. Rad1 Rxd1 24. Rxd1 Qc3 25. Qc6 Rf8 26. Qa4 a5 27. Qc4 Qf6 28. Qxc5 Qf3 29. Qd5 Qf6 30. Qxa5 h6 31. Qd5 Re8 32. a4 Re5 33. Qd4 Qf3 34. Qxe5 1-0

[Event "Live Chess"]
[Site "Chess.com"]
[Date "2024.06.01"]
[Round "-"]
[White "McFim"]
[Black "WilliamofOrange16th"]
[Result "0-1"]
[WhiteElo "1586"]
[BlackElo "1951"]
[TimeControl "300"]
[EndTime "10:36:49 PDT"]
[Termination "WilliamofOrange16th won by resignation"]

1. e4 d6 2. d4 Nf6 3. Nc3 Nbd7 4.
Nf3 e5 5. dxe5 dxe5 6. Bc4 Be7 7. Bxf7+ Kxf7 8. Ng5+ Kg8 9. Ne6 Qe8 10. Nxc7 Qg6 11. O-O Rb8 12. N7d5 Bd8 13. f4 Qf7 14. fxe5 Nxe5 15.
Bf4 Qe6 16. Qd4 Nc6 17. Qa4 Ra8 18. Rae1 h6 19. Nxf6+ Bxf6 20. e5 Be7 21. Nb5 Bc5+ 22. Kh1 Bb6 23. Rd1 Kh7 24. Rd6 Qf5 25. g4 Qxg4 26. Qe4+ Bf5 27. Qe1 g5 28. Bg3 Be4+ 0-1

[Event "Live Chess"]
[Site "Chess.com"]
[Date "2024.06.01"]
[Round "-"]
[White "Ocelot32"]
[Black "febray_27"]
[Result "0-1"]
[WhiteElo "1386"]
[BlackElo "1990"]
[TimeControl "300"]
[EndTime "10:36:53 PDT"]
[Termination "febray_27 won by resignation"]

1. e4 c5 2. Nf3 e6 3. c3 Nc6 4. d4 cxd4 5. cxd4 d5 6. e5 Nge7 7. Bd3 g6 8. O-O Bg7 9. Nc3 O-O 10. a3 a6 11. Bg5 b5 12. Rc1 Na5 13. Nd2 Qd7 14. b4 Nc4 15. Nxc4 bxc4 16. Bc2 Nf5 17. Bxf5 exf5 18. Re1 h6 19. Be3 g5 20. Qf3 f4 21.
Bd2 Bb7 22. Qd1 Qf5 23. Na4 Bc6 24. Nc5 g4 25. Qe2 f3 26. Qe3 fxg2 27. e6 fxe6 28.
Nxe6 Rae8 29. Qg3 Rxe6 30. Qh4 Rxe1+ 31. Rxe1 Bxd4 32. Bxh6 Bxf2+ 33. Kxg2 Qf3+ 34. Kf1 0-1

[Event "Live Chess"]
[Site "Chess.com"]
[Date "2024.06.01"]
[Round "-"]
[White "almalikhari"]
[Black "FlyingChessKestrel13"]
[Result "0-1"]
[WhiteElo "2303"]
[BlackElo "2109"]
[TimeControl "300"]
[EndTime "10:37:04 PDT"]
[Termination "FlyingChessKestrel13 won by resignation"]

1. e4 e5 2. Nf3 Nf6 3. d4 Nxe4 4.
dxe5 Bc5 5. Bc4 Nxf2 6. Bxf7+ Kf8 7. Qd5 d6 8. Rf1 c6 9. Qb3 d5 10. e6 Qe7 11. Rxf2 Bxf2+ 12. Kxf2 Na6 13. Bg5 Qc5+ 14.
Be3 Qe7 15. Bg5 Qc5+ 16. Be3 Qe7 17. c4 Bxe6 18. Bxe6 Qxe6 19. Qxb7 Qc8 20. Qb3 Rb8 21. Qa3+ Kf7 22. Qxa6 Qxa6 23. cxd5 cxd5 24. b3 Rhf8 25. Nc3 Kg8 26. Nxd5 Qd3 27. Ne7+ Kh8 28. Rc1 Rbe8 29. Rc7 Qd6 30. Rc1 Qxe7 0-1

[Event "Live Chess"]
[Site "Chess.com"]
[Date "2024.06.01"]
[Round "-"]
[White "Enhard"]
[Black "TigerTank70"]
[Result "0-1"]
[WhiteElo "1414"]
[BlackElo "2180"]
[TimeControl "300"]
[EndTime "10:37:12 PDT"]
[Termination "TigerTank70 won by resignation"]

1. d4 d5 2. Bf4 h5 3. e3 e5 4. dxe5 g5 5. Bg3 h4 6. Bxh4 gxh4 7. h3 Nc6 8. Nf3 Bf5 9. Bb5 Ne7 10. Nbd2 Qd7 11.
Nb3 Ng6 12. Nbd4 Be4 13. Bxc6 bxc6 14. Nd2 Nxe5 15. Nxe4 dxe4 16. b3 Rg8 17. g4 hxg3 18. fxg3 Rxg3 19. Qe2 Bb4+ 20. Kd1 Bc3 21. Rb1 Bxd4 22.
exd4 Qxd4+ 23. Qd2 O-O-O 24. Qxd4 Rxd4+ 25. Ke2 0-1

[Event "Live Chess"]
[Site "Chess.com"]
[Date "2024.06.01"]
[Round "-"]
[White "halfberg"]
[Black "road2gm5000"]
[Result "1-0"]
[WhiteElo "1906"]
[BlackElo "1073"]
[TimeControl "300"]
[EndTime "10:37:14 PDT"]
[Termination "halfberg won by resignation"]

1. e4 c6 2. d4 d5 3. Nc3 dxe4 4. Nxe4 Nf6 5. Nxf6+ exf6 6. Nf3 Bg4 7. Be2 c5 8.
c3 cxd4 9. cxd4 Nc6 10. O-O Bxf3 11. Bxf3 Qxd4 12. Bxc6+ 1-0

[Event "Live Chess"]
[Site "Chess.com"]
[Date "2024.06.01"]
[Round "-"]
[White "kylet1990"]
[Black "Crowded_House"]
[Result "0-1"]
[WhiteElo "724"]
[BlackElo "1756"]
[TimeControl "300"]
[EndTime "10:37:15 PDT"]
[Termination "Crowded_House won by resignation"]

1. e4 e6 2. d4 d5 3. exd5 exd5 4.
Bf4 Bd6 5. Bg3 Ne7 6. Nc3 c6 7. Bd3 O-O 8. Nf3 Re8 9. Ng5 Ng6+ 10. Ne2 Bxg3 11. hxg3 Qxg5 12. f4 Qxg3+ 13. Kd2 Qe3+ 14. Ke1 h6 15. Bxg6 fxg6 16. Rh3 Bxh3 17. gxh3 0-1

[Event "Live Chess"]
[Site "Chess.com"]
[Date "2024.06.01"]
[Round "-"]
[White "Velocity"]
[Black "elephantgerrald"]
[Result "1-0"]
[WhiteElo "1710"]
[BlackElo "756"]
[TimeControl "300"]
[EndTime "10:37:36 PDT"]
[Termination "Velocity won by checkmate"]

1. e4 e5 2. Nf3 Nf6 3. d4 exd4 4. e5 Ng4 5. Qxd4 d6 6. exd6 Bxd6 7. Bb5+ Nc6 8.
Bxc6+ bxc6 9. Qxg7 Qe7+ 10. Be3 Be5 11. Nxe5 Qxe5 12. Qxe5+ Nxe5 13. Bd4 f6 14. f4 Nd7 15. O-O Ba6 16. Re1+ Kf7 17. Nc3 c5 18. Bf2 Nf8 19.
Ne4 Ng6 20. Nxc5 Nxf4 21. Nxa6 Rhd8 22. Nxc7 Rac8 23. Nb5 Rxc2 24. Nxa7 Rg8 25. Bg3 Rxg2+ 26. Kh1 Rg4 27. Bxf4 Rxf4 28. Kxg2 Rg4+ 29. Kh3 Rg5 30. Rac1 Rh5+ 31. Kg3 Rg5+ 32. Kf4 h6 33. Rc7+ Kg6 34. Ree7 Rf5+ 35. Ke4 Kh5 36. Kxf5 Kh4 37. Re3 Kh5 38. Rh3# 1-0

[Event "Live Chess"]
[Site "Chess.com"]
[Date "2024.06.01"]
[Round "-"]
[White "Sokolik_UA"]
[Black "rakibsachchu"]
[Result "0-1"]
[WhiteElo "798"]
[BlackElo "1565"]
[TimeControl "300"]
[EndTime "10:37:37 PDT"]
[Termination "rakibsachchu won by checkmate"]

1. e4 c5 2. d4 cxd4 3. Qxd4 Nc6 4. Qe3 e5 5. Nc3 Bb4 6. Bd2 Nf6 7. h3 O-O 8. Bc4 Nd4 9. O-O-O a6 10. a3 Bc5 11.
Qg3 d6 12. Nf3 Be6 13. Bxe6 Nxe6 14. Ng5 b5 15. h4 b4 16. Nd5 bxa3 17. bxa3 Nxd5 18. exd5 Nd4 19. Be3 Ne2+ 20. Kd2 Nxg3 21. fxg3 Bxe3+ 22. Kxe3 Qb6+ 23. Ke4 f5+ 24. Kf3 e4+ 25. Kf4 Qf2+ 26. Nf3 exf3 27. gxf3 Rae8 28. h5 Qe3# 0-1

[Event "Live Chess"]
[Site "Chess.com"]
[Date "2024.06.01"]
[Round "-"]
[White "sshamil"]
[Black "Nazar-Makarchuk"]
[Result "0-1"]
[WhiteElo "1669"]
[BlackElo "1582"]
[TimeControl "300"]
[EndTime "10:37:39 PDT"]
[Termination "Nazar-Makarchuk won by resignation"]

1. g3 d5 2. Bg2 Nf6 3. Nf3 Nc6 4. O-O e5 5. b3 Bd6 6. Bb2 O-O 7. d3 e4 8. dxe4 dxe4 9. Nfd2 Bb4 10. Bc3 Bxc3 11. Nxc3 Qd4 12. Ncxe4 Nxe4 13. Nxe4 Qxd1 14. Rfxd1 Bf5 15.
c3 Rfe8 16. f3 Bxe4 17. fxe4 Ne5 18. Kf2 Ng4+ 19. Kg1 Ne3 20. Rd4 Nc2 21. Rad1 Nxd4 22. cxd4 c6 23. e5 Rad8 24. e3 Rxe5 25. Kf2 Rf5+ 26.
Ke2 Ra5 27. a4 b5 28. axb5 cxb5 29. Rb1 Ra2+ 30. Kf3 Rc8 31. h4 a5 32. Bh3 Rc3 33. Ke4 Ra3 34. d5 Raxb3 35. Rxb3 Rxb3 36. d6 Kf8 37. Kd5 Ke8 38. Kc6 Kd8 39. Bf1 Rxe3 40. Kxb5 Rxg3 41.
Kxa5 Rg4 42. Kb6 Rxh4 43. Bd3 Rd4 0-1

[Event "Live Chess"]
[Site "Chess.com"]
[Date "2024.06.01"]
[Round "-"]
[White "peteopeteo"]
[Black "ALEX_UA_69"]
[Result "1-0"]
[WhiteElo "1620"]
[BlackElo "1763"]
[TimeControl "300"]
[EndTime "10:37:40 PDT"]
[Termination "peteopeteo won by resignation"]

1. e4 e5 2. Nf3 Nc6 3. Bc4 Bc5 4. d4 exd4 5. c3 dxc3 6. Bxf7+ Kxf7 7. Qd5+ Ke7 8. Qxc5+ d6 9. Qxc3 Nf6 10. O-O Bg4 11.
e5 Bxf3 12. exf6+ gxf6 13. Qxf3 Kf7 14. Qb3+ d5 15. Qxb7 Qd6 16. Qb3 Rab8 17. Qc3 Rhg8 18. Nd2 Rg6 19. Nf3 Rbg8 20. g3 Rxg3+ 21. fxg3 Rxg3+ 22. hxg3 Qxg3+ 23. Kh1 Qh3+ 24. Nh2 1-0

[Event "Live Chess"]
[Site "Chess.com"]
[Date "2024.06.01"]
[Round "-"]
[White "PureDashingOctopus"]
[Black "booktrunk"]
[Result "1-0"]
[WhiteElo "2234"]
[BlackElo "1400"]
[TimeControl "300"]
[EndTime "10:37:43 PDT"]
[Termination "PureDashingOctopus won by resignation"]

1. e4 b6 2. d4 Bb7 3. Bd3 e6 4.
Ne2 h6 5. Nbc3 Nf6 6. f3 Be7 7. Be3 Ba6 8. Bxa6 Nxa6 9. a3 c6 10. Qd2 Nc7 11. g4 d5 12. e5 Nh7 13. O-O-O Bg5 14.
f4 Be7 15. h4 Bxh4 16. g5 hxg5 17. fxg5 Bxg5 18. Bxg5 Qd7 19. Rh4 Kf8 20. Rdh1 Kg8 21. Qd3 g6 22. Bf6 1-0

[Event "Live Chess"]
[Site "Chess.com"]
[Date "2024.06.01"]
[Round "-"]
[White "Ksenia_2013"]
[Black "seasidecastle27"]
[Result "0-1"]
[WhiteElo "768"]
[BlackElo "1951"]
[TimeControl "300"]
[EndTime "10:37:45 PDT"]
[Termination "seasidecastle27 won by checkmate"]

1. e4 e6 2. d4 d5 3. e5 c5 4.
Be3 cxd4 5. Bxd4 Nc6 6. Bb5 Bd7 7. Nf3 Nge7 8. Ng5 Nxd4 9. Qxd4 Bxb5 10. Qf4 Nf5 11.
Nc3 Be7 12. Nxb5 Bxg5 13. Qa4 O-O 14. Qg4 Qa5+ 15. Nc3 Be7 16. h4 d4 17. O-O dxc3 18. bxc3 Qxc3 19. Rad1 Rad8 20. Rd3 Rxd3 21. cxd3 Qxd3 22.
Rd1 Qc2 23. Rf1 Bc5 24. h5 h6 25. Qf3 Rd8 26. Qxb7 Rd1 27. Rxd1 Qxd1+ 28. Kh2 Bxf2 29. Qb8+ Kh7 30. Qc7 Qxh5# 0-1

[Event "Live Chess"]
[Site "Chess.com"]
[Date "2024.06.01"]
[Round "-"]
[White "KeithArkell"]
[Black "RuslanChessN"]
[Result "1-0"]
[WhiteElo "2514"]
[BlackElo "1943"]
[TimeControl "300"]
[EndTime "10:37:47 PDT"]
[Termination "KeithArkell won by resignation"]

1. d4 c6 2. Nf3 d5 3. c4 Bf5 4. Nc3 e6 5. cxd5 cxd5 6. Bg5 Qb6 7. Qb3 Qxb3 8. axb3 Nc6 9. e3 Bd6 10. Bb5 Ne7 11.
Bxe7 Kxe7 12. Kd2 Rhc8 13. Rhc1 Nb4 14. Ne1 Bxh2 15. g3 Bg1 16. Ke2 a6 17. Nf3 Bxf2 18.
Kxf2 axb5 19. Rxa8 Rxa8 20. Nxb5 Ra2 21. Rc7+ Kf6 22.
Ne5 Rxb2+ 23. Kg1 Bg6 24. Rxb7 Rxb3 25. Nd6 Rxe3 26. Ng4+ 1-0

[Event "Live Chess"]
[Site "Chess.com"]
[Date "2024.06.01"]
[Round "-"]
[White "Duke_of_Bebington"]
[Black "yarek"]
[Result "0-1"]
[WhiteElo "1631"]
[BlackElo "1732"]
[TimeControl "300"]
[EndTime "10:37:58 PDT"]
[Termination "yarek won by resignation"]

1. e4 g6 2. d4 Bg7 3. Be3 c6 4.
Bd3 d5 5. f3 e5 6. Ne2 dxe4 7.
fxe4 exd4 8. Bf4 Nf6 9. Na3 b5 10.
h3 O-O 11. Qd2 Nh5 12. Bh6 Qh4+ 13. g3 Nxg3 14. O-O-O Nxe2+ 15. Bxe2 Bxh6 0-1

[Event "Live Chess"]
[Site "Chess.com"]
[Date "2024.06.01"]
[Round "-"]
[White "Cruiseylee78"]
[Black "DenisOnopriichuk2003"]
[Result "1-0"]
[WhiteElo "1676"]
[BlackElo "1775"]
[TimeControl "300"]
[EndTime "10:37:59 PDT"]
[Termination "Cruiseylee78 won by checkmate"]

1. d4 Nf6 2. Bf4 d5 3. e3 h6 4.
Nf3 Bg4 5. Nbd2 Bxf3 6. Nxf3 e6 7. Bd3 Bd6 8. Bg3 Bxg3 9. hxg3 c5 10. c3 Nc6 11. Qc2 cxd4 12. exd4 Rc8 13. a3 a6 14.
Ne5 Nxd4 15. Qa4+ Nc6 16. Nxc6 Rxc6 17. O-O-O b5 18. Qf4 Qb6 19. Kb1 a5 20. Rh4 g5 21.
Qxf6 gxh4 22. Qxh8+ Ke7 23. Qxh6 b4 24. Qxh4+ Kd7 25.
axb4 axb4 26. cxb4 Qxf2 27. Rf1 Qxg2 28. Rxf7+ Ke8 29.
Qe7# 1-0

[Event "Live Chess"]
[Site "Chess.com"]
[Date "2024.06.01"]
[Round "-"]
[White "grillage"]
[Black "WeakOldFinished"]
[Result "0-1"]
[WhiteElo "1887"]
[BlackElo "1086"]
[TimeControl "300"]
[EndTime "10:38:03 PDT"]
[Termination "WeakOldFinished won by checkmate"]

1. d4 Nf6 2. Nf3 Ne4 3. c4 e6 4. Qc2 Bb4+ 5. Nc3 Bxc3+ 6. bxc3 f5 7. g3 O-O 8. Bg2 Qe7 9. c5 b6 10. cxb6 axb6 11. Nd2 d5 12. O-O Nc6 13. e3 Ba6 14.
Re1 Na5 15. f3 Nxd2 16. Bxd2 Nc4 17. Kh1 c5 18. e4 fxe4 19. fxe4 Rf2 20. Rad1 Qf7 21.
Qc1 Rf8 22. Bf4 g5 23. Bxg5 Rxg2 24. Kxg2 Qf3+ 25. Kh3 e5 26. Rf1 Bc8+ 27. Kh4 Qg4# 0-1

[Event "Live Chess"]
[Site "Chess.com"]
[Date "2024.06.01"]
[Round "-"]
[White "SergiiA"]
[Black "ZatixMajor"]
[Result "0-1"]
[WhiteElo "1550"]
[BlackElo "2001"]
[TimeControl "300"]
[EndTime "10:38:18 PDT"]
[Termination "ZatixMajor won on time"]

1. c4 Nf6 2. Nc3 g6 3. e4 Bg7 4.
g3 O-O 5. Bg2 d6 6. Nge2 c5 7. O-O Nc6 8. h3 Be6 9. d3 a6 10. Be3 Rb8 11. f4 b5 12. b3 Qd7 13. Kh2 Nh5 14. Rc1 Nd4 15. g4 b4 16.
Nd5 Bxd5 17. cxd5 Nxe2 18. Qxe2 Nf6 19. Rc2 a5 20. Rfc1 a4 21. d4 cxd4 22. Bxd4 Nxg4+ 23. hxg4 Bxd4 24. Rc7 Qd8 25. R1c4 Bc5 26. Rc6 e6 27. e5 Qh4+ 28. Bh3 exd5 29. Rc2 Rb6 30. Rc7 Bd4 31. e6 Qf6 32. exf7+ Rxf7 33. Rxf7 Qxf7 34. Rc8+ Kg7 35. g5 Qxf4+ 36. Kh1 Qxg5 37. Rc7+ Kh6 0-1

[Event "Live Chess"]
[Site "Chess.com"]
[Date "2024.06.01"]
[Round "-"]
[White "OliWally08"]
[Black "ACM42"]
[Result "0-1"]
[WhiteElo "1263"]
[BlackElo "2220"]
[TimeControl "300"]
[EndTime "10:38:18 PDT"]
[Termination "ACM42 won by resignation"]

1. e4 e6 2. d4 d5 3. e5 c5 4. c3 Nc6 5. Nf3 Qb6 6. Bd3 Bd7 7. O-O cxd4 8. cxd4 Nxd4 9. Nxd4 Qxd4 10. Nc3 a6 11. Re1 Qb6 12. Be3 Bc5 13. Bxc5 Qxc5 14. Rc1 Qb6 15. Qf3 Ne7 16. Qg3 g6 17. Kh1 h5 18.
Qh4 Rg8 19. Re3 Qxb2 20. Rc2 Qa1+ 0-1

[Event "Live Chess"]
[Site "Chess.com"]
[Date "2024.06.01"]
[Round "-"]
[White "IanCalvert2"]
[Black "Grace6363"]
[Result "0-1"]
[WhiteElo "1487"]
[BlackElo "1144"]
[TimeControl "300"]
[EndTime "10:38:27 PDT"]
[Termination "Grace6363 won by checkmate"]

1. b3 c5 2. Bb2 f6 3. e3 d5 4. Nf3 Nc6 5. d4 Qb6 6. c4 cxd4 7. Nxd4 Nxd4 8. Qxd4 Qxd4 9. exd4 Be6 10. Nc3 dxc4 11. Bxc4 Bxc4 12. bxc4 O-O-O 13. O-O-O e6 14. Rhe1 Re8 15. d5 e5 16. Ne4 Bb4 17. Bc3 a5 18. Bxb4 axb4 19. Kc2 Nh6 20. Kb3 Kd7 21. Kxb4 b6 22.
c5 bxc5+ 23. Nxc5+ Kd6 24. Ne4+ Kd7 25. a4 Rb8+ 26.
Ka3 Rhc8 27. Rb1 Nf5 28. Rxb8 Rxb8 29. Rd1 Nd4 30. Nc3 Rb3+ 31. Ka2 Rxc3 32. Rb1 Rc7 33. Ka3 Kd6 34. Rb6+ Kxd5 35. a5 Ra7 36. Kb4 Nc6+ 37.
Kb5 Rxa5# 0-1